 Dungeon Crawl Stone Soup version 0.30-a0-800-g7c544603b3 (webtiles) character file.

Game seed: 4586203215788907973

689 cforsyth the Sneak (level 7, 0/44 HPs)
             Began as a Kobold Brigand on Feb 23, 2023.
             Succumbed to a gnoll's poison
             ... on level 5 of the Dungeon.
             The game lasted 00:10:12 (4671 turns).

cforsyth the Sneak (Kobold Brigand)                 Turns: 4671, Time: 00:10:12

Health: 0/44       AC:  8    Str:  8    XL:     7   Next: 95%
Magic:  7/7        EV: 17    Int: 13    God:
Gold:   224        SH:  0    Dex: 18    Spells: 6/6 levels left

rFire   . . .      SeeInvis .    a - +2 dagger
rCold   . . .      Faith    .    (no shield)
rNeg    . . .      Spirit   .    b - +0 robe
rPois   .          Reflect  .    (no helmet)
rElec   .          Harm     .    c - +1 cloak
rCorr   .          Rampage  .    (no gloves)
Will    .....                    (no boots)
Stlth   +++++                    (no amulet)
HPRegen 0.27/turn                m - +4 ring of protection
MPRegen 0.10/turn                (no ring)

@: lethally poisoned (0 -> -10), about to teleport
A: small, no large weapons, nightstalker 3
a: no special abilities


You were on level 5 of the Dungeon.
You visited 2 branches of the dungeon, and saw 6 of its levels.
You also visited: Sewer.

You collected 224 gold pieces.

Inventory:

Hand Weapons
 a - a +2 dagger (weapon)
Missiles
 d - 14 poisoned darts (quivered)
 e - 3 curare-tipped darts
 x - 4 atropa-tipped darts
Armour
 b - a +0 robe (worn)
 c - a +1 cloak (worn)
Jewellery
 j - a ring of ice
 m - a +4 ring of protection (left hand)
 B - a ring of magical power
Wands
 E - a wand of roots (9)
Scrolls
 g - a scroll of noise {unknown}
 i - a scroll of blinking
 o - a scroll of vulnerability {unknown}
 t - a scroll of fog {unknown}
 u - 3 scrolls of poison {unknown}
 y - a scroll of silence {unknown}
 C - a scroll of identify
Potions
 f - 4 potions of mutation
 h - 3 potions of brilliance
 k - 4 potions of heal wounds
 l - a potion of curing
 n - 3 potions of might
 p - 3 potions of invisibility
 q - 2 potions of haste {unknown}
 s - a potion of magic {unknown}
 v - a potion of resistance {unknown}
 w - a potion of cancellation {unknown}
 z - 2 potions of lignification {unknown}
 A - 2 potions of berserk rage {unknown}
 D - a potion of degeneration {unknown}


   Skills:
 + Level 4.9 Fighting
 + Level 5.9 Short Blades
 - Level 2.1 Throwing
 + Level 4.8 Dodging
 + Level 7.8 Stealth


You had 6 spell levels left.
You didn't know any spells.
Your spell library contained the following spells:

 Spells                   Type           Power      Damage    Failure   Level
 Blink                    Tloc           0%         N/A       43%         2
 Lesser Beckoning         Tloc           0%         N/A       43%         2
 Momentum Strike          Conj/Tloc      0%         3d8       43%         2


Dungeon Overview and Level Annotations

Branches:
Dungeon (5/15)             Temple (1/1) D:4           Sewer (visited)

Altars:
Cheibriados
Elyvilon
Fedhas
Gozag
Makhleb
Nemelex Xobeh
Qazlal
Ru
Uskayaw
Yredelemnul
Zin
The Shining One

Annotations:
D:2 Robin


Innate Abilities, Weirdness & Mutations

You are small and have problems with some larger weapons.
You are completely attuned to the shadows.


Message History

The gnoll hits you from afar with a +0 halberd.
A gnoll comes into view. It is wielding a +0 spear.
The gnoll shouts!
You hit the gnoll but do no damage.
The gnoll is moderately wounded.
You feel sick.
The gnoll splashes around in the water.
The gnoll hits you with a +0 whip of venom.
You are more poisoned.
The gnoll misses you.
You completely miss the gnoll.
The gnoll is moderately wounded.
You feel sick. The gnoll hits you but does no damage.
The gnoll closely misses you.
The gnoll hits you from afar with a +0 halberd!
You are too injured to fight recklessly!
You are too injured to fight recklessly!
You are too injured to fight recklessly!
You are too injured to fight recklessly!
* * * LOW HITPOINT WARNING * * *
You feel very sick. The gnoll misses you.
* * * LOW HITPOINT WARNING * * *
You feel sick.
* * * LOW HITPOINT WARNING * * *
You feel sick.
Items here: $ ) / [.
You feel better. The gnoll hits you but does no damage.
The gnoll closely misses you.
Okay, then.
Okay, then.
Okay, then.
As you read the scroll of teleportation, it crumbles to dust.
You feel strangely unstable. The gnoll closely misses you.
The gnoll hits you but does no damage. x2
The gnoll hits you with a +0 whip of venom.
* * * LOW HITPOINT WARNING * * *
You are lethally poisoned!
The gnoll attacks as you move away! The gnoll hits you with a +0 club!
* * * LOW HITPOINT WARNING * * *
You die...

#.o..o....#.#
#)#######o..# #.#
#.### ########o###
##.##
#..........####...#
....####.#........##.#
#.#.####.#### #....#.#
.........# #......#
#.#.###### #.#@....#
...... #. #8..8.##
#.###. .###8gg8~~~
~~## .# .>..~gg~~≈≈
≈~~~ ##.~~~~..≈≈≈≈
≈≈≈~ ~~~~≈≈≈..≈≈~~
~≈≈≈≈≈~~~
~≈≈≈≈≈≈..~~~#
~~~≈≈≈≈≈≈
≈≈≈≈~~~..~.##
##~~~~≈≈≈ ≈~~~~.8..8.#


You could see 4 gnolls.

Vanquished Creatures
  An ogre (D:4)
  A necrophage (D:2)
  A scorpion (D:5)
  2 hounds
  4 jellies (Sewer)
  2 orc priests (D:5)
  A gnoll bouda (D:5)
  An orc wizard (D:5)
  8 adders
  A river rat (Sewer)
  3 worms
  A dart slug (D:3)
  9 orcs
  6 bats
  10 endoplasms
  7 giant cockroaches
  14 goblins
  2 hobgoblins
  2 jackals (D:2)
  3 kobolds
  6 quokkas
  5 ball pythons
  9 frilled lizards
  7 rats
106 creatures vanquished.

Notes
Turn   | Place    | Note
-------+----------+-------------------------------------------
     0 | D:1      | cforsyth the Kobold Brigand began the quest for the Orb.
     0 | D:1      | Reached XP level 1. HP: 12/12 MP: 1/1
   230 | D:1      | Reached XP level 2. HP: 18/18 MP: 2/2
   627 | D:2      | Found a hide-covered altar of Uskayaw.
   821 | D:2      | Noticed a necrophage
   824 | D:2      | Killed a necrophage
   825 | D:2      | Reached skill level 6 in Stealth
   825 | D:2      | Reached XP level 3. HP: 23/23 MP: 3/3
   825 | D:2      | Reached XP level 4. HP: 28/28 MP: 4/4
  1124 | D:2      | Reached XP level 5. HP: 32/32 MP: 5/5
  1201 | D:2      | Noticed Robin
  2076 | D:3      | Found a glowing drain.
  2080 | Sewer    | Entered a sewer
  2192 | Sewer    | Reached XP level 6. HP: 27/38 MP: 6/6
  2404 | Sewer    | Found a viscous altar of Jiyva.
  2423 | Sewer    | Reached skill level 5 in Short Blades
  2423 | Sewer    | Reached skill level 7 in Stealth
  2845 | D:4      | Found a stormy altar of Qazlal.
  2916 | D:4      | Found a staircase to the Ecumenical Temple.
  3033 | Temple   | Entered the Ecumenical Temple
  3376 | D:4      | Reached XP level 7. HP: 43/43 MP: 7/7
  3499 | D:4      | Found a white marble altar of Elyvilon.
  3579 | D:4      | Found a glowing golden altar of the Shining One.
  3828 | D:5      | Entered Level 5 of the Dungeon
  4671 | D:5      | HP: 2/44 [gnoll/+0 club[a gnoll bouda] (7)]
  4671 | D:5      | Succumbed to a gnoll's poison

Illustrated notes

Levels and vault maps discovered:
D:1:      nicolae_arrival_somewhat_less_tricky_arrival, layout_rooms,
          dreamdust_princess_corridor, nrook_loot_triangle
D:2:      layout_basic, basic_altar, uniq_robin
D:3:      layout_rooms, gup_sewer_entry_spiral, minmay_box_of_dots
D:4:      layout_gridville, nicolae_overflow_hidden_temple, grunt_qazlal_clouds,
          tso_oasis_becter, minmay_temple_entry_butterflies
D:5:      wander_river, layout_loops_ring, amcnicky_mini_rare_corridor_liquid
Temple:   kb_temple_of_zot

Skill      XL: |  1  2  3  4  5  6 |
---------------+-------------------+-----
Short Blades   | 3 4 5 |  5.9
Fighting       | 3 4 |  4.9
Dodging        | 2 3 4 |  4.8
Stealth        | 6 7 |  7.8
Throwing       | |  2.1

Action                     |  1- 3 |  4- 6 |  7- 9 || total
---------------------------+-------+-------+-------++-------
  Melee: Dagger            |    28 |   201 |   137 ||   366
         Punch             |     1 |       |     3 ||     4
    Use: Scroll            |       |     7 |     3 ||    10
         Potion            |       |       |     2 ||     2
   Stab: Sleeping          |    11 |    41 |     4 ||    56
         Distracted        |       |       |     1 ||     1
 Armour: Robe              |     2 |    17 |    17 ||    36
  Dodge: Dodged            |     8 |   111 |    90 ||   209

Table legend: (Time is in decaauts)
 A = Elapsed time spent in this place.
 B = Non-inter-level travel time spent in this place.
 C = Inter-level travel time spent in this place.
 D = Time resting spent in this place.
 E = Time spent auto-exploring this place.
 F = Levels seen in this place.
 G = Mean time per level.
                   A        B        C        D        E       F      G
               +--------+--------+--------+--------+--------+-----+--------+
         Total |   4645 |   4524 |    121 |    729 |   2628 |   7 |  663.6 |
       Dungeon |   4070 |   3953 |    117 |    574 |   2374 |   5 |  814.0 |
        Temple |    158 |    154 |      4 |      0 |    149 |   1 |  158.0 |
         Sewer |    416 |    416 |      0 |    155 |    105 |   1 |  416.0 |
               +--------+--------+--------+--------+--------+-----+--------+

Top non-repeatable levels by time:
     D:4: 1072 daAuts
     D:2: 886 daAuts
     D:1: 796 daAuts
     D:3: 750 daAuts
     D:5: 564 daAuts
   Sewer: 416 daAuts
  Temple: 158 daAuts
